 Dungeon Crawl Stone Soup version 0.31-a0-858-g469dc525a8 (webtiles) character file.

Game seed: 11265235091186545371

294 BinkBink the Shield-Bearer (level 6, 0/49 HPs)
             Began as a Formicid Fighter on Oct 9, 2023.
             Slain by a water moccasin (8 damage)
             ... on level 5 of the Dungeon.
             The game lasted 00:04:34 (3614 turns).

BinkBink the Shield-Bearer (Formicid Fighter)       Turns: 3614, Time: 00:04:35

Health: 0/49       AC:  8    Str: 20 (22) XL:     6   Next: 60%
Magic:  6/6        EV:  9    Int:  6 (8)  God:
Gold:   189        SH:  5    Dex: 10 (13) Spells: 5/5 levels left

rFire   . . .        a - +0 war axe
rCold   . . .        c - +0 buckler
rNeg    . . .        b - +0 scale mail
rPois   .            (helmet unavailable)
rElec   .            (no cloak)
rCorr   .            j - +0 pair of gloves
SInv    +            (no boots)
Will    +....        (no amulet) Stlth
                     h - ring of willpower
HPRegen 0.28/turn    (no ring)
MPRegen 0.10/turn

%: no passive effects
@: mighty, lethally poisoned (0 -> -5)
A: permanent stasis, dig shafts and tunnels, antennae 3, four strong arms,
talons 1, inability to read after injury 1
a: Dig, Shaft Self


You were on level 5 of the Dungeon.
You visited 1 branch of the dungeon, and saw 5 of its levels.

You collected 189 gold pieces.

Inventory:

Hand Weapons
 a - a +0 war axe (weapon)
Armour
 b - a +0 scale mail (worn)
 c - a +0 buckler (worn)
 j - a +0 pair of gloves (worn)
Jewellery
 h - a ring of willpower (left hand)
 o - an amulet of regeneration
Wands
 m - a wand of charming (6)
Scrolls
 e - 6 scrolls of identify {unknown}
 g - 2 scrolls of teleportation {unknown}
 i - a scroll of brand weapon {unknown}
 k - a scroll of revelation {unknown}
 n - 2 scrolls of enchant armour {unknown}
 r - a scroll of enchant weapon {unknown}
Potions
 s - a potion of lignification {unknown}


   Skills:
 + Level 4.4 Fighting
 * Level 4.3 Axes
 + Level 4.4 Armour
 + Level 5.4 Shields


You had 5 spell levels left.
You didn't know any spells.
Your spell library contained the following spells:

 Spells                   Type           Power      Damage    Failure   Level
 Wereblood                Tmut           0%         N/A       94%         2
 Summon Guardian Golem    Hex/Summ       0%         N/A       99%         3
 Irradiate                Conj/Tmut      0%         3d11      100%        5
 Orb of Destruction       Conj           0%         9d5       100%        7
 Spellforged Servitor     Conj/Summ      0%         N/A       100%        7


Dungeon Overview and Level Annotations

Branches:
Dungeon (5/15)
 Temple: D:4-7

Altars:
Kikubaaqudgha
Sif Muna

Annotations:
D:3 1 runed translucent door, Crazy Yiuf


Innate Abilities, Weirdness & Mutations

You cannot be hasted, slowed, berserked, paralysed or teleported.
You can dig through walls and to a lower floor.
You have a pair of large antennae on your head. (SInv)
Your four strong arms can wield two-handed weapons with a shield.
You have sharp toenails.
You occasionally lose the ability to read scrolls when taking damage.


Message History

The water moccasin barely misses you.
The water moccasin attacks as it pursues you!
The water moccasin bites you but does no damage.
The water moccasin bites you.
The water moccasin attacks as it pursues you!
The water moccasin barely misses you. The water moccasin bites you.
You are poisoned.
The water moccasin poisons you!
You feel very sick.
You feel better. The water moccasin barely misses you.
The water moccasin bites you!
The water moccasin attacks as it pursues you!
The water moccasin bites you.
* * * LOW HITPOINT WARNING * * *
You are poisoned.
The water moccasin poisons you!
You feel better. The water moccasin bites you.
You are poisoned.
The water moccasin poisons you!
You feel very mighty all of a sudden.
You feel very sick. The water moccasin closely misses you.
The water moccasin bites you.
It was a potion of degeneration.
There was something very wrong with that liquid.
You feel weakened.
You feel dopey.
You feel clumsy.
* * * LOW HITPOINT WARNING * * *
You feel very sick. You block the water moccasin's attack.
It was a potion of berserk rage.
Your stasis prevents you from going berserk.
* * * LOW HITPOINT WARNING * * *
You feel very sick. You block the water moccasin's attack.
The water moccasin bites you but does no damage.
It was a potion of mutation.
You feel extremely strange.
You occasionally lose the ability to read scrolls when taking damage.
Your toenails lengthen and sharpen.
You feel sick. The water moccasin bites you!
You die...

##.#.########.[..##.#######
##.#.## #.##.##.##### # {
##.#.## #.##.##.....# #
##.#.#####...........# # ##
##.#.##.............# #
##,#.# ##.#.######.##.....#
# ##.#O#.# ##.#.##
#.##.....# # #.#...#
##.#.## #.######## #
.#.##$)([# {##@#.# ..# #
#.#.##.#... ##S#.## ### #
##.#.##.# # ##O#.##
##.#.##.# ##.#.##
##)#.##.##.#.##
##.#O###.#.## ##.#.#.#.##
##.#.#.## {##.#.##


You could see a water moccasin and an ogre.

Vanquished Creatures
  A hound (D:4)
  An orc priest (D:4)
  2 iguanas (D:4)
  Ijyb (D:3)
  An orc wizard (D:4)
  4 adders
  An ufetubus (D:5)
  3 worms
  A dart slug (D:4)
  2 orcs
  A bat (D:1)
  5 endoplasms
  A giant cockroach (D:1)
  15 goblins
  11 hobgoblins
  4 quokkas
  7 ball pythons
  A frilled lizard (D:3)
  10 kobolds
  7 rats
79 creatures vanquished.

Notes
Turn   | Place    | Note
-------+----------+-------------------------------------------
     0 | D:1      | BinkBink the Formicid Fighter began the quest for the Orb.
     0 | D:1      | Reached XP level 1. HP: 18/18 MP: 1/1
   160 | D:1      | Reached XP level 2. HP: 24/24 MP: 2/2
   934 | D:2      | Reached XP level 3. HP: 29/29 MP: 3/3
  1013 | D:2      | Found a shimmering blue altar of Sif Muna.
  1702 | D:3      | Noticed Ijyb
  1715 | D:3      | Killed Ijyb
  1716 | D:3      | Reached XP level 4. HP: 37/37 MP: 4/4
  2116 | D:3      | Found a runed translucent door.
  2117 | D:3      | Noticed Crazy Yiuf
  2693 | D:4      | Reached XP level 5. HP: 39/42 MP: 5/5
  2826 | D:4      | Found an ancient bone altar of Kikubaaqudgha.
  2891 | D:4      | Reached skill level 5 in Shields
  3056 | D:4      | Reached XP level 6. HP: 16/48 MP: 6/6
  3424 | D:5      | Entered Level 5 of the Dungeon
  3591 | D:5      | Noticed an ogre
  3592 | D:5      | Noticed a water moccasin
  3614 | D:5      | Gained mutation: You occasionally lose the ability to read
                  | scrolls when taking damage. [potion of mutation]
  3614 | D:5      | Gained mutation: You have sharp toenails. [potion of
                  | mutation]
  3614 | D:5      | Slain by a water moccasin

Illustrated notes

Levels and vault maps discovered:
D:1:      dpeg_arrival_arbitrary_a, layout_basic
D:2:      layout_loops_ring, basic_altar, dreamdust_mushroom_princess
D:3:      layout_loops_cross, chequers_serial_rivers_small_3,
          uniq_crazy_yiuf_cottage, uniq_ijyb
D:4:      corexii_shack_village, layout_basic,
          nicolae_kikubaaqudgha_miasma_corner, minmay_goblin_outpost
D:5:      minmay_inner_zag, layout_loops_cross, gammafunk_temple_overflow_claw,
          kennysheep_mini, gammafunk_ghost_mausoleum

Skill      XL: |  1  2  3  4  5 |
---------------+----------------+-----
Axes           | 3 4 |  4.3
Fighting       | 4 |  4.4
Armour         | 4 |  4.4
Shields        | 5 |  5.4

Action                     |  1- 3 |  4- 6 || total
---------------------------+-------+-------++-------
  Melee: War axe           |   112 |   170 ||   282
    Use: Potion            |       |     7 ||     7
 Armour: Scale mail        |    65 |   166 ||   231
  Dodge: Dodged            |    51 |    98 ||   149
  Block: Buckler           |    38 |    51 ||    89

Table legend: (Time is in decaauts)
 A = Elapsed time spent in this place.
 B = Non-inter-level travel time spent in this place.
 C = Inter-level travel time spent in this place.
 D = Time resting spent in this place.
 E = Time spent auto-exploring this place.
 F = Levels seen in this place.
 G = Mean time per level.
                   A        B        C        D        E       F      G
               +--------+--------+--------+--------+--------+-----+--------+
         Total |   3724 |   3503 |    221 |     80 |   2672 |   5 |  744.8 |
       Dungeon |   3724 |   3503 |    221 |     80 |   2672 |   5 |  744.8 |
               +--------+--------+--------+--------+--------+-----+--------+

Top non-repeatable levels by time:
     D:3: 1154 daAuts
     D:1: 928 daAuts
     D:4: 779 daAuts
     D:2: 665 daAuts
     D:5: 195 daAuts
